 Dungeon Crawl Stone Soup version 0.31-a0-486-g8d68a81214 (webtiles) character file.

Game seed: 6004640839674340249

382 Fodor the Covered (level 6, -3/53 HPs)
             Began as a Minotaur Fighter on Aug 7, 2023.
             Slain by Crazy Yiuf
             ... wielding a +2 quarterstaff of chaos
              (7 damage)
             ... on level 3 of the Dungeon.
             The game lasted 00:15:27 (2705 turns).

Fodor the Covered (Minotaur Fighter)                Turns: 2705, Time: 00:15:27

Health: -3/53      AC: 14    Str: 23    XL:     6   Next: 47%
Magic:  5/5        EV:  9    Int:  5    God:
Gold:   124        SH:  4    Dex:  9    Spells: 5/5 levels left

rFire   . . .        a - +0 flail
rCold   + . .        c - +0 buckler
rNeg    . . .        b - +7 Kryia's mail coat {PotionHeal*2 rC+}
rPois   .            (helmet restricted)
rElec   .            (no cloak)
rCorr   .            (no gloves)
SInv    .            (no boots)
Will    .....        (no amulet) Stlth
                     (no ring)
HPRegen 0.28/turn    (no ring)
MPRegen 0.09/turn

%: no passive effects
@: hasted, very quick
A: horns 2, retaliatory headbutt
a: no special abilities


You were on level 3 of the Dungeon.
You visited 1 branch of the dungeon, and saw 4 of its levels.
You also visited: Sewer.

You collected 124 gold pieces.

Inventory:

Hand Weapons
 a - a +0 flail (weapon)
 f - a +0 sling
Missiles
 k - 3 javelins (quivered)
Armour
 b - the +7 Kryia's mail coat (worn) {PotionHeal*2 rC+}
   (You found it on level 3 of the Dungeon)

   PotionHeal*2: Potions heal its wearer twice as much.
   rC:        It protects you from cold.
 c - a +0 buckler (worn)
Jewellery
 j - an amulet of guardian spirit
Scrolls
 e - a scroll of teleportation
 g - a scroll of revelation {unknown}
 i - 2 scrolls of fear {unknown}
 u - a scroll of identify {unknown}
Potions
 d - 2 potions of might
 h - a potion of curing {unknown}
 l - 2 potions of berserk rage {unknown}
 m - a potion of enlightenment {unknown}
 n - 2 potions of resistance {unknown}
 o - 2 potions of invisibility {unknown}
 p - a potion of brilliance {unknown}
 q - a potion of mutation {unknown}
 r - a potion of haste {unknown}
 s - 2 potions of magic {unknown}
 t - a potion of cancellation {unknown}


   Skills:
 + Level 4.5 Fighting
 + Level 3.7 Long Blades
 + Level 4.0 Maces & Flails
 + Level 1.5 Ranged Weapons
 + Level 5.4 Armour
 + Level 0.7 Dodging
 + Level 4.5 Shields


You had 5 spell levels left.
You didn't know any spells.
Your spell library was empty.

Dungeon Overview and Level Annotations

Branches:
Dungeon (4/15)              Sewer (visited)
 Temple: D:4-7

Altars:
Trog
Vehumet

Shops:
D:2 (

Portals:
Abyss: D:4

Annotations:
D:3 Crazy Yiuf
D:4 2 transporters, Newt's ghost, novice KoHu


Innate Abilities, Weirdness & Mutations

You have a pair of horns on your head.
You reflexively headbutt those who attack you in melee.


Message History

w - a +2 hammer of venom You drop the +1 hammer "Rustux" {protect, Fly rPois rF++ Int-2}.
You drop a +2 hammer of venom.
You see here a +2 hammer of protection.
Found a glowing hammer and two hammers.
You see here a +0 hammer.
As you open the door, it creaks loudly!
You hit Crazy Yiuf.
Crazy Yiuf is lightly wounded.
Crazy Yiuf screams, "Aardvark stair disdain!"
Crazy Yiuf hits you with a +2 quarterstaff of chaos!
You feel yourself speed up.
You hit Crazy Yiuf but do no damage.
Crazy Yiuf is lightly wounded.
Crazy Yiuf barely misses you.
You hit Crazy Yiuf but do no damage.
Crazy Yiuf is lightly wounded.
Crazy Yiuf hits you with a +2 quarterstaff of chaos.
You hit Crazy Yiuf but do no damage. You headbutt Crazy Yiuf!
Crazy Yiuf is severely wounded.
You closely miss Crazy Yiuf.
Crazy Yiuf is severely wounded.
Crazy Yiuf says, "Powder!
Proton pontify senile."
Crazy Yiuf hits you with a +2 quarterstaff of chaos.
Space warps horribly around you!
You barely miss Crazy Yiuf.
Crazy Yiuf is severely wounded.
Crazy Yiuf hits you with a +2 quarterstaff of chaos.
You are electrocuted!
* * * LOW HITPOINT WARNING * * *
You closely miss Crazy Yiuf.
Crazy Yiuf is severely wounded.
Crazy Yiuf barely misses you.
You hit Crazy Yiuf but do no damage.
Crazy Yiuf is severely wounded.
You block Crazy Yiuf's attack.
You barely miss Crazy Yiuf.
Crazy Yiuf is severely wounded.
Crazy Yiuf hits you with a +2 quarterstaff of chaos!
You die...

##..########.#
#... #....#
#.# #.##
#....#
#.####.##
#)..##
#........
##)##
#....####.#.
#.## ######
#... ##)# ###.
#)## ## ##@# #
#g# . ))) ##
#)))# # #).)#
# ##### # .


You could see Crazy Yiuf.

Vanquished Creatures
  A kobold brigand (Sewer)
  2 scorpions (D:4)
  5 adders
  6 river rats
  A worm (D:4)
  3 dart slugs
  5 orcs
  A bat (D:1)
  5 endoplasms
  A giant cockroach (D:4)
  3 goblins
  3 hobgoblins
  6 jackals
  13 kobolds
  4 quokkas
  5 ball pythons
  2 frilled lizards (D:1)
  30 rats
96 creatures vanquished.

Notes
Turn   | Place    | Note
-------+----------+-------------------------------------------
     0 | D:1      | Fodor the Minotaur Fighter began the quest for the Orb.
     0 | D:1      | Reached XP level 1. HP: 19/19 MP: 0/0
   205 | D:1      | Reached XP level 2. HP: 27/27 MP: 1/1
   253 | D:1      | Reached skill level 4 in Armour
  1235 | D:2      | Upgraded the game from 0.31-a0-473-g61b50ae490 to
                  | 0.31-a0-486-g8d68a81214
  1343 | D:2      | Found Irphanue's Antique Weapon Emporium.
  1373 | D:2      | You fall into a shaft and drop 2 floors!
  1392 | D:4      | Reached XP level 3. HP: 7/33 MP: 2/2
  1478 | D:4      | Found a transporter.
  1522 | D:4      | Noticed a scorpion
  1529 | D:4      | Killed a scorpion
  1530 | D:4      | Reached skill level 1 in Maces & Flails
  1530 | D:4      | Reached skill level 1 in Ranged Weapons
  1530 | D:4      | Reached XP level 4. HP: 40/40 MP: 3/3
  1541 | D:4      | Found a radiant altar of Vehumet.
  1579 | D:4      | Found the +7 staff of the Meek {protect, meekguard}
  1672 | D:4      | Found a transporter.
  1678 | D:4      | Noticed Newt's ghost (novice KoHu)
  1692 | D:4      | Found a one-way gate to the infinite horrors of the Abyss.
  1704 | D:4      | Noticed a toenail golem
  1746 | D:4      | Found a glowing drain.
  1766 | Sewer    | Entered a sewer
  1793 | Sewer    | Reached XP level 5. HP: 17/46 MP: 4/4
  2102 | Sewer    | Reached skill level 5 in Armour
  2102 | Sewer    | Reached XP level 6. HP: 46/53 MP: 5/5
  2544 | D:3      | Found the +7 Kryia's mail coat {PotionHeal*2 rC+}
  2587 | D:3      | Found a bloodstained altar of Trog.
  2688 | D:3      | Found a runed translucent door.
  2688 | D:3      | Identified the +1 hammer "Rustux" {protect, Fly rPois rF++
                  | Int-2}
  2690 | D:3      | Noticed Crazy Yiuf
  2705 | D:3      | Slain by Crazy Yiuf

Illustrated notes

Levels and vault maps discovered:
D:1:      minmay_arrival_four_loops, layout_basic, serial_corexii_hall,
          corexii_hall_statues_l, corexii_hall_statues_i,
          chequers_hall_statues_corner_a, minivault_24
D:2:      layout_basic, serial_shops, shop_fountains,
          dreamdust_ecumenical_altar_grove
D:3:      layout_loops_cross, nicolae_overflow_crystal_walls,
          trog_three_pillars_becter, mainiacjoe_overflow_catwalk,
          uniq_crazy_yiuf_cottage, uniq_grinder
D:4:      layout_rooms, mainiacjoe_overflow_surrounded_room,
          minmay_temple_entry_poolview, portal_sewer_entry_b,
          gammafunk_ghost_abyssal_escape

Skill      XL: |  1  2  3  4  5  6 |
---------------+-------------------+-----
Armour         | 4 5 |  5.4
Shields        | 4 |  4.5
Long Blades    | 3 |  3.7
Fighting       | 4 |  4.5
Maces & Flails | 1 3 4 |  4.0
Ranged Weapons | 1 |  1.5
Dodging        | |  0.7

Action                     |  1- 3 |  4- 6 || total
---------------------------+-------+-------++-------
  Melee: Long sword        |    26 |       ||    26
         Flail             |    27 |   126 ||   153
         Headbutt          |     6 |    16 ||    22
   Fire: Sling             |    18 |       ||    18
    Use: Scroll            |       |     1 ||     1
 Armour: Chain mail        |    35 |    92 ||   127
         Scale mail        |       |     8 ||     8
  Dodge: Dodged            |    32 |    80 ||   112
  Block: Buckler           |    11 |    45 ||    56

Table legend: (Time is in decaauts)
 A = Elapsed time spent in this place.
 B = Non-inter-level travel time spent in this place.
 C = Inter-level travel time spent in this place.
 D = Time resting spent in this place.
 E = Time spent auto-exploring this place.
 F = Levels seen in this place.
 G = Mean time per level.
                   A        B        C        D        E       F      G
               +--------+--------+--------+--------+--------+-----+--------+
         Total |   2786 |   2777 |      9 |    631 |      0 |   5 |  557.2 |
       Dungeon |   2115 |   2106 |      9 |    389 |      0 |   4 |  528.8 |
         Sewer |    670 |    670 |      0 |    242 |      0 |   1 |  670.0 |
               +--------+--------+--------+--------+--------+-----+--------+

Top non-repeatable levels by time:
     D:1: 1253 daAuts
   Sewer: 670 daAuts
     D:4: 556 daAuts
     D:3: 166 daAuts
     D:2: 139 daAuts
